cohdb
Replays
Latest Replays
All Replays
Popular Replays
Top Player Replays
Match Explorer
How It Works
Community
CoH3 Stats
Reddit
Sign in to upload your games and track your stats! →
Sign in with Steam
Match 45308138
Unlisted
Match 45308138
Overview
Messages
Build Orders
End
Selects Airborne Battlegroup
Selects Heavy Machine Gun Paradrop
Heavy Machine Gun Paradrop
Engineer Squad
Construct Weapon Support Center
Heavy Machine Gun Paradrop
Bazooka Squad
Construct Medical Station
Infantry Support Center
Selects Paratrooper Squad Paradrop
Paratrooper Squad Paradrop
Paratrooper Squad Paradrop
Selects Anti-tank Gun Team Paradrop
Anti-tank Gun Team Paradrop
.30 cal Machine Gun
Construct Tank Depot
Munitions Surplus
Selects Recon Loiter
Selects Supply Drop
Supply Drop
.30 cal Machine Gun
Anti-tank Gun Team Paradrop
Recon Loiter
M4A1 Sherman Medium Tank
Recon Loiter
M4A1 Sherman Medium Tank
Selects Carpet Bombing Run
Supply Drop
Carpet Bombing Run
CAuMOH
Otto Karius
Angrybirds
Xufe
0
0
Comments
sign in to comment!
No comments posted yet!